 Dungeon Crawl Stone Soup version 0.17-a0-1515-gfae3d72 (webtiles) character file.

87 patman the Chiller (level 4, -2/27 HPs)
             Began as an Octopode Ice Elementalist on July 12, 2015.
             Was an Initiate of Vehumet.
             Slain by an orc
             ... wielding a cursed -1 club
              (5 damage)
             ... on level 3 of the Dungeon.
             The game lasted 00:05:35 (2237 turns).

patman the Chiller (Octopode Ice Elementalist)      Turns: 2237, Time: 00:05:35

Health: -2/27      AC:  1    Str:  7    XL:     4   Next: 51%
Magic:  7/7        EV: 12    Int: 20    God:    Vehumet [......]
Gold:   174        SH:  0    Dex: 12    Spells: 2 memorised, 3 levels left

rFire  . . .     SeeInvis +     d - +1 dagger
rCold  . . .     Clarity  .     (no shield)
rNeg   . . .     SustAt   .     (helmet restricted)
rPois  .         Gourm    .     i - amulet of resist corrosion
rElec  .         Spirit   .     k - +2 ring of intelligence
rCorr  +         Warding  .     t - ring of see invisible
rMut   .         Stasis   .     (no ring)
MR     .....                    (no ring)
Stlth  +++.......               (no ring)
                                (no ring)
                                (no ring)
                                (no ring)

@: not resistant to hostile enchantments, fairly stealthy
A: almost no armour, amphibious, 8 rings, constrict 8, camouflage 1, gelatinous
body 1
a: Renounce Religion


You were on level 3 of the Dungeon.
You worshipped Vehumet.
Vehumet was noncommittal.
You were not hungry.

You visited 1 branch of the dungeon, and saw 3 of its levels.

You collected 174 gold pieces.

Inventory:

Hand weapons
 d - a +1 dagger (weapon)
Jewellery
 i - an amulet of resist corrosion (around mantle)
 k - a +2 ring of intelligence (left tentacle)
 t - a ring of see invisible (right tentacle)
Scrolls
 f - a scroll of immolation
 l - 2 scrolls of remove curse
Potions
 e - a potion of haste
 o - a potion of agility {unknown}
 p - 3 potions of curing {unknown}
 r - 2 potions of lignification {unknown}
 s - a potion of heal wounds {unknown}
Books
 a - a book of Frost

   Spells                             Type                      Level
   a - Freeze                         Ice                          1
   b - Throw Frost                    Conjuration/Ice              2
   c - Ozocubu's Armour               Charms/Ice                   3
   d - Throw Icicle                   Conjuration/Ice              4
   e - Summon Ice Beast               Ice/Summoning                4
   f - Condensation Shield            Ice                          4
Comestibles
 b - a bread ration
 h - 2 fruits
 n - 3 chunks of flesh


   Skills:
 - Level 2.0 Dodging
 - Level 2.6 Stealth
 - Level 2.0 Spellcasting
   Level 1.0 Conjurations
 + Level 5.1 Ice Magic


You had 3 spell levels left.
You knew the following spells:

 Your Spells              Type           Power        Failure   Level  Hunger
a - Freeze                Ice            ###.         1%          1    #......
O - Ozocubu's Armour      Chrm/Ice       ##......     17%         3    ###....


Dungeon Overview and Level Annotations

Branches:
Dungeon (3/15)

Altars:
Elyvilon
Ru
Vehumet


Innate Abilities, Weirdness & Mutations

You cannot wear most types of armour.
You are amphibious.
You can wear up to eight rings at the same time.
You can use your tentacles to constrict eight enemies at once.
Your skin changes colour to match your surroundings (Stealth).
Your rubbery body absorbs attacks (AC +1).


Message History

The puff of flame hits you!
* * * LOW HITPOINT WARNING * * *
The goblin shouts!
You hit the goblin. Your grab misses the goblin.
The goblin is moderately wounded.
The goblin barely misses you.
You closely miss the goblin. Your grab misses the goblin.
The goblin is moderately wounded.
The goblin hits you with a club.
* * * LOW HITPOINT WARNING * * *
You hit the goblin. You grab the goblin.
The goblin is severely wounded.
You constrict the goblin. The goblin closely misses you.
You hit the goblin.
You kill the goblin!
Vehumet accepts your kill.
You hit the orc. You grab the orc.
The orc is heavily wounded.
You constrict the orc. The orc hits you with a club.
You die...

.........,,,,*,* **
.########***,#.# * .# #.#.# *
†# #.#.# ******* * .# #.#.#
*,,,,,* * .# #.#.#
*,***,********** .# #.#.# *,#
*,,,,,,,,,,, ##
#.#?###.###.#*********
#(.oo@......# *
##§#############****** #§#
#....,,,,,, ###### #§#
#.#..,,,*** .....# #o#
#.#.#**,* ####.# #§# #.#.# *,*
#.# #§####### #.#.# *,*** #.#
##.......###.#.# *,,,,
#.#######†.o.o†.o......#######


You could see an orc wizard and an orc.

Vanquished Creatures
  3 adders
  3 giant geckos (D:3)
  An orc (D:3)
  3 giant cockroaches
  7 goblins
  5 hobgoblins
  9 jackals (D:1)
  2 ball pythons
  7 bats
  5 giant newts
  7 kobolds
  5 rats
57 creatures vanquished.

Vanquished Creatures (others)
  A giant cockroach (D:2)
1 creature vanquished.

Grand Total: 58 creatures vanquished

Notes
Turn   | Place    | Note
--------------------------------------------------------------
     0 | D:1      | patman the Octopode Ice Elementalist began the quest for the Orb.
     0 | D:1      | Reached XP level 1. HP: 11/11 MP: 3/3
   110 | D:1      | Reached XP level 2. HP: 10/17 MP: 3/5
   440 | D:1      | Reached skill level 4 in Ice Magic
   621 | D:1      | Reached XP level 3. HP: 21/21 MP: 6/6
  1055 | D:2      | Found a sacrificial altar of Ru.
  1366 | D:2      | Learned a level 3 spell: Ozocubu's Armour
  1368 | D:2      | Found a white marble altar of Elyvilon.
  1409 | D:2      | Reached XP level 4. HP: 27/27 MP: 7/7
  1966 | D:3      | Found a radiant altar of Vehumet.
  2027 | D:3      | Became a worshipper of Vehumet
  2099 | D:3      | Reached skill level 5 in Ice Magic
  2237 | D:3      | Slain by an orc

Vault maps used:
D:1:      dpeg_arrival_round_a, hangedman_decor_opposing
D:2:      elyvilon_altar_4, lemuel_round_altar
D:3:      overflow_temple_1_default, first_bread

Action                   |  1- 3 |  4- 6 || total
-------------------------+-------+-------++-------
Melee: Dagger            |    69 |    41 ||   110
       Unarmed           |     2 |       ||     2
 Cast: Freeze            |     8 |     1 ||     9
  Use: Scroll            |       |     9 ||     9
 Stab: Sleeping          |    14 |     4 ||    18
       Distracted        |       |     1 ||     1
  Eat: Chunk             |     1 |     3 ||     4
